 Dungeon Crawl Stone Soup version 0.31-a0-83-gbff143cfd1 (webtiles) character file.

Game seed: 9061324627811466079

24283 Strat the Unseen (level 13, -7/82 HPs)
             Began as a Kobold Brigand on May 24, 2023.
             Was a Follower of Uskayaw.
             Mangled by a skyshark (20 damage)
             ... on level 2 of the Lair of Beasts.
             The game lasted 00:35:32 (17698 turns).

Strat the Unseen (Kobold Brigand)                  Turns: 17698, Time: 00:35:33

Health: -7/82      AC: 11    Str: 15    XL:     13   Next: 41%
Magic:  21/21      EV: 36    Int: 12    God:    Uskayaw [*.....]
Gold:   1073       SH:  0    Dex: 21    Spells: 12/12 levels left

rFire   + . .        b - +3 short sword (speed)
rCold   + + .        (no shield)
rNeg    . . .        t - +0 acid dragon scales
rPois   +            l - +2 helmet
rElec   .            i - +1 cloak {rPois}
rCorr   +            (no gloves)
SInv    +            (no boots)
Will    .....        E - amulet of the acrobat
Stlth   ++++++       f - ring of protection from cold
HPRegen 0.33/turn    J - ring of Ner Harif {rF+ rC+ Str+6 SInv Stlth-}
MPRegen 0.17/turn

%: acrobat
@: acrobatic, hasted, studying Throwing, very quick
A: small, no large weapons, nightstalker 3
a: Renounce Religion, Stomp


You were on level 2 of the Lair of Beasts.
You worshipped Uskayaw.
Uskayaw was aware of your devotion.
You visited 2 branches of the dungeon, and saw 15 of its levels.

You collected 1370 gold pieces.
You spent 297 gold pieces at shops.

Inventory:

Hand Weapons
 a - a +2 dagger of speed
 b - a +3 short sword of speed (weapon)
 r - a +3 dagger of protection
Missiles
 d - 42 poisoned darts (quivered)
 e - 3 curare-tipped darts
 w - a throwing net
Armour
 c - a +2 cloak of stealth
 i - a +1 cloak of poison resistance (worn)
 k - a +1 robe of willpower
 l - a +2 helmet (worn)
 t - +0 acid dragon scales (worn)
 F - a +0 troll leather armour
Jewellery
 f - a ring of protection from cold (left hand)
 g - the ring "Qeobip" {rCorr Int+2}
   (You took it off an orc on level 3 of the Dungeon)

   [ring of resist corrosion]

   Int:       It affects your intelligence (+2).
   rCorr:     It protects you from acid and corrosion.
 s - a ring of resist corrosion
 A - a ring of see invisible
 E - an amulet of the acrobat (around neck)
 J - the ring of Ner Harif (right hand) {rF+ rC+ Str+6 SInv Stlth-}
   (You found it on level 11 of the Dungeon)

   [ring of strength]

   Str:       It affects your strength (+6).
   rF:        It protects you from fire.
   rC:        It protects you from cold.
   SInv:      It lets you see invisible.
   Stlth:     It makes you less stealthy.
Wands
 B - a wand of polymorph (14)
 C - a wand of charming (6)
 D - a wand of mindburst (30)
 G - a wand of flame (43)
Scrolls
 j - 6 scrolls of enchant weapon
 o - 8 scrolls of identify
 q - a scroll of magic mapping
 y - a scroll of summoning
 H - a scroll of immolation
 I - a scroll of amnesia
 P - 2 scrolls of enchant armour
Potions
 h - 5 potions of magic
 m - a potion of cancellation
 n - 2 potions of attraction
 p - 7 potions of might
 u - 2 potions of mutation
 x - a potion of berserk rage
 z - 3 potions of curing
 N - a potion of lignification
 O - a potion of brilliance


   Skills:
 - Level 10.0 Fighting
 - Level 10.0 Short Blades
 + Level 9.3 Throwing
 - Level 10.0 Dodging
 - Level 15.0 Stealth
 + Level 11.7 Invocations
 + Level 6.8 Evocations


You had 12 spell levels left.
You didn't know any spells.
Your spell library contained the following spells:

 Spells                   Type           Power      Damage    Failure   Level
 Dazzling Flash           Conj/Hex       0%         N/A       80%         3
 Ignite Poison            Fire/Tmut/Pois 0%         N/A       80%         3
 Volatile Blastmotes      Fire/Tloc      0%         2d10      80%         3
 Animate Dead             Necr           0%         N/A       99%         4
 Fulminant Prism          Conj/Hex       0%         3d5       99%         4
 Iskenderun's Mystic Bla  Conj/Tloc      0%         2d3       99%         4
 Sticky Flame             Conj/Fire      0%         2d3       99%         4
 Agony                    Necr           0%         N/A       100%        5
 Lee's Rapid Deconstruct  Erth           0%         3d4*      100%        5
 Silence                  Hex/Air        0%         N/A       100%        5
 Summon Forest            Summ/Tloc      0%         N/A       100%        5
 Eringya's Noxious Bog    Tmut/Pois      0%         N/A       100%        6
 Haunt                    Necr/Summ      0%         N/A       100%        7
 Summon Hydra             Summ           0%         N/A       100%        7
 Ignition                 Fire           0%         3d3       100%        8
 Infestation              Necr           0%         N/A       100%        8


Dungeon Overview and Level Annotations

Branches:
Dungeon (13/15)            Temple (0/1) D:5            Lair (2/5) D:8
    Orc (0/2) D:9          Vaults (0/5) D:13
  Swamp: Lair:2-3    Shoals: Lair:2-3     Snake: Lair:2-3    Spider: Lair:2-3

Altars:
Ashenzari
Elyvilon
Makhleb
Okawaru
Qazlal
Uskayaw
Wu Jian
Xom
Yredelemnul
Zin
The Shining One

Shops:
D:1 *   D:2 [[*[   D:3 *   D:7 *

Annotations:
D:6 3 runed translucent doors, BlasphemerAmon's ghost, novice GnGl
D:8 4 transporters
D:10 1 runed translucent door, BleedingAnus's ghost, novice MiFi
D:13 Josephine


Innate Abilities, Weirdness & Mutations

You are small and have problems with some larger weapons.
You are completely attuned to the shadows.


Message History

The skyshark is heavily wounded.
A nearby fungus withers and dies.
Unknown command.
The skyshark attacks as you move away! The skyshark completely misses you.
The skyshark closely misses you. The skyshark tail-slaps you!
* * * LOW HITPOINT WARNING * * *
The wyvern completely misses you. The skyshark bites you!
* * * LOW HITPOINT WARNING * * *
The skyshark tail-slaps you.
* * * LOW HITPOINT WARNING * * *
The skyshark closely misses you.
You feel yourself speed up. The wyvern completely misses you.
The skyshark closely misses you. The skyshark completely misses you.
The skyshark tail-slaps you.
* * * LOW HITPOINT WARNING * * *
The wyvern bites you.
* * * LOW HITPOINT WARNING * * *
The skyshark closely misses you. x2; The skyshark barely misses you.
The wyvern attacks as you move away! The wyvern completely misses you.
The skyshark attacks as you move away! The skyshark misses you.
The skyshark tail-slaps you!
* * * LOW HITPOINT WARNING * * *
The skyshark barely misses you. x3; The skyshark misses you.
The skyshark attacks as you move away! The skyshark completely misses you.
The skyshark misses you. The skyshark completely misses you.
The wyvern attacks as you move away! The wyvern completely misses you.
The skyshark completely misses you. The skyshark tail-slaps you.
* * * LOW HITPOINT WARNING * * *
The skyshark tail-slaps you but does no damage.
The wyvern hisses menacingly.
The skyshark attacks as you move away! The skyshark closely misses you.
The skyshark misses you. The skyshark completely misses you.
The wyvern attacks as you move away! The wyvern completely misses you.
The skyshark completely misses you. The skyshark misses you.
The skyshark barely misses you. The skyshark attacks as you move away!
The skyshark bites you.
* * * LOW HITPOINT WARNING * * *
The skyshark completely misses you. The skyshark barely misses you.
The skyshark attacks as you move away! The skyshark bites you!!
You die...

#.........)....#
##.......(.....#
#.......#....##
#.....#...#...#
#....####.....##
#....#†.#......#
...#..†.#......#
.....#.##.P...##
.###.###..@....#
#......#l...#
#.#...#.l..##
###.#....[.#
###....#.# .
##...[..## . .#
##....#### .
.#.###....## ..
...##....#


You could see a skyshark (berserk) and a wyvern.

Vanquished Creatures
  A hydra (Lair:2)
  4 centaur warriors (D:13)
  A dancing weapon (D:13)
  A two-headed ogre (D:11)
  A fire crab (D:13)
  Pikel (D:5)
  3 cyclopes (D:12)
  4 manticores
  2 gargoyles
  Maggie (D:6)
  2 cane toads (Lair:1)
  4 komodo dragons
  The ghost of SobieckRCTest the Trooper, an amateur MiFi of Qazlal (D:4)
  A polar bear (Lair:2)
  Grinder (D:5)
  4 trolls
  3 blink frogs (Lair:1)
  Sigmund (D:3)
  2 wyverns
  A basilisk (D:13)
  4 wraiths
  34 yaks
  3 vampire mosquitoes (D:12)
  Menkaure (D:4)
  Edmund (D:4)
  5 water moccasins
  5 orc warriors
  Pargi (D:4)
  3 black bears
  2 ice beasts
  An ogre (D:3)
  3 wolves (D:8)
  A centaur (D:8)
  2 lemures (D:4)
  2 bullfrogs
  2 kobold brigands
  Blork the orc (D:6)
  A gnoll sergeant (D:8)
  4 scorpions
  11 wights
  12 killer bees
  An electric eel (D:8)
  A vampire bat (Lair:2)
  3 howler monkeys
  A jelly (D:4)
  Crazy Yiuf (D:3)
  A gnoll bouda (D:4)
  11 hounds
  10 orc priests
  Terence (D:3)
  4 iguanas
  A sleepcap (D:7)
  Natasha (thrice) (D:4)
  15 orc wizards
  Robin (D:2)
  8 adders
  14 gnolls
  A shadow imp (D:7)
  A white imp (D:8)
  An ufetubus (D:5)
  3 worms
  A dart slug (D:2)
  31 orcs
  5 endoplasms
  2 giant cockroaches
  7 goblins
  5 hobgoblins
  2 jackals (D:2)
  7 kobolds
  2 quokkas
  8 ball pythons
  9 bats
  3 frilled lizards
  7 rats
309 creatures vanquished.

Vanquished Creatures (collateral kills)
  A jelly (D:7)
  A gnoll (D:8)
2 creatures vanquished.

Vanquished Creatures (others)
  A black mamba (Lair:1)
  2 water moccasins
3 creatures vanquished.

Grand Total: 314 creatures vanquished

Notes
Turn   | Place    | Note
-------+----------+-------------------------------------------
     0 | D:1      | Strat the Kobold Brigand began the quest for the Orb.
     0 | D:1      | Reached XP level 1. HP: 12/12 MP: 1/1
   253 | D:1      | Found Sonuufaucu's General Store.
   256 | D:1      | Bought a potion of curing for 36 gold pieces
   304 | D:1      | Reached XP level 2. HP: 18/18 MP: 2/2
   788 | D:2      | Reached XP level 3. HP: 16/22 MP: 3/3
   850 | D:2      | Found Nonaets's Armour Shop.
   896 | D:2      | Found Padadd's Armour Shoppe.
   931 | D:2      | Found Coqa's Assorted Antiques.
   963 | D:2      | Reached skill level 6 in Stealth
   963 | D:2      | Reached XP level 4. HP: 27/27 MP: 4/4
  1182 | D:2      | Noticed Robin
  1243 | D:2      | Killed Robin
  1432 | D:2      | Reached XP level 5. HP: 32/32 MP: 5/5
  1457 | D:2      | Found Baupnuf's Armour Shoppe.
  2145 | D:3      | Noticed Terence
  2194 | D:3      | Found Paeplel's Assorted Antiques.
  2246 | D:3      | Found a runed translucent door.
  2249 | D:3      | Noticed Crazy Yiuf
  2255 | D:3      | Identified a scroll of acquirement
  2255 | D:3      | Acquired 298 gold pieces
  2308 | D:3      | Noticed an ogre
  2312 | D:3      | Killed an ogre
  2313 | D:3      | Reached skill level 5 in Short Blades
  2313 | D:3      | Reached skill level 7 in Stealth
  2313 | D:3      | Reached XP level 6. HP: 37/37 MP: 6/6
  2327 | D:3      | Identified the ring "Qeobip" {rCorr Int+2}
  2436 | D:2      | Bought a +1 cloak of poison resistance for 135 gold pieces
  2608 | D:3      | Found an ornate altar of the Wu Jian Council.
  2703 | D:3      | Noticed Sigmund
  2730 | D:3      | Killed Sigmund
  2731 | D:3      | Reached XP level 7. HP: 41/41 MP: 7/7
  2846 | D:3      | Found a runed translucent gate.
  2855 | D:3      | Found a runed translucent gate.
  2855 | D:3      | Found a runed translucent gate.
  2870 | D:3      | Noticed SobieckRCTest's ghost (amateur MiFi)
  2924 | D:3      | Killed Crazy Yiuf
  3151 | D:4      | Killed SobieckRCTest's ghost
  3152 | D:4      | Reached skill level 8 in Stealth
  3311 | D:3      | Killed Terence
  3386 | D:4      | Reached XP level 8. HP: 48/48 MP: 8/8
  3491 | D:4      | Reached skill level 9 in Stealth
  3527 | D:4      | Noticed Edmund
  3527 | D:4      | You fall into a shaft and drop 3 floors!
  3992 | D:7      | Found a stormy altar of Qazlal.
  4027 | D:6      | Noticed a two-headed ogre
  4100 | D:6      | Found a runed translucent gate.
  4137 | D:6      | Found a glowing golden altar of the Shining One.
  4145 | D:6      | Noticed Maggie
  4153 | D:6      | Killed Maggie
  4154 | D:6      | Reached skill level 5 in Fighting
  4154 | D:6      | Reached skill level 5 in Dodging
  4154 | D:6      | Reached skill level 10 in Stealth
  4154 | D:6      | Reached XP level 9. HP: 54/54 MP: 9/9
  4366 | D:6      | Found a runed translucent gate.
  4372 | D:6      | Found a runed translucent gate.
  4517 | D:6      | Noticed Blork the orc
  4521 | D:6      | Killed Blork the orc
  4908 | D:6      | Reached skill level 10 in Short Blades
  5113 | D:7      | Found Mybropeg's Assorted Antiques.
  5841 | D:8      | Noticed a troll
  5868 | D:8      | Found a hide-covered altar of Uskayaw.
  5905 | D:8      | Found a shimmering altar of Xom.
  5911 | D:8      | Found a white marble altar of Elyvilon.
  5925 | D:8      | Found an iron altar of Okawaru.
  5959 | D:8      | Became a worshipper of Uskayaw the Reveller
  6030 | D:8      | Reached * piety under Uskayaw
  6037 | D:8      | Reached ** piety under Uskayaw
  6049 | D:8      | Reached XP level 10. HP: 55/63 MP: 10/10
  6101 | D:8      | Reached *** piety under Uskayaw
  6138 | D:8      | Reached **** piety under Uskayaw
  6580 | D:8      | Found a staircase to the Lair.
  6636 | D:8      | Found a transporter.
  6684 | D:8      | Found a transporter.
  6712 | D:8      | Found a transporter.
  6930 | D:8      | Found a transporter.
  7323 | D:9      | Reached skill level 1 in Invocations
  7725 | D:9      | Reached ***** piety under Uskayaw
  8208 | D:9      | Found a staircase to the Orcish Mines.
  8250 | D:9      | Reached skill level 10 in Dodging
  8408 | D:9      | Reached XP level 11. HP: 71/71 MP: 12/14
  8590 | D:10     | Entered Level 10 of the Dungeon
  8671 | D:10     | Reached skill level 10 in Fighting
  8671 | D:10     | Reached skill level 5 in Invocations
  8933 | D:10     | Found a burning altar of Makhleb.
  9131 | D:10     | Reached skill level 11 in Stealth
  9184 | D:10     | Noticed BleedingAnus's ghost (novice MiFi)
  9196 | D:10     | Found a runed translucent door.
  9790 | D:10     | Identified the +1 flail of Valiance {flame, Int+2 SInv}
 10199 | D:10     | Reached skill level 12 in Stealth
 10481 | D:11     | Noticed a two-headed ogre
 10485 | D:11     | Killed a two-headed ogre
 11021 | D:11     | Reached skill level 13 in Stealth
 11124 | D:11     | Reached XP level 12. HP: 77/77 MP: 18/18
 11350 | D:11     | Identified the ring of Ner Harif {rF+ rC+ Str+6 SInv
                  | Stlth-}
 11915 | D:12     | Reached skill level 14 in Stealth
 12864 | D:13     | Noticed a centaur warrior
 12883 | D:13     | Killed a centaur warrior
 12884 | D:13     | Reached skill level 15 in Stealth
 12884 | D:13     | Reached skill level 10 in Invocations
 13202 | D:13     | Reached skill level 1 in Evocations
 13203 | D:13     | Noticed a centaur warrior
 13207 | D:13     | Killed a centaur warrior
 13211 | D:13     | Noticed a fire crab
 13215 | D:13     | Killed a fire crab
 13217 | D:13     | Noticed a centaur warrior
 13221 | D:13     | Killed a centaur warrior
 13222 | D:13     | Reached skill level 5 in Throwing
 13414 | D:13     | Noticed a +3 long sword
 13420 | D:13     | Found a gate to the Vaults.
 13420 | D:13     | Noticed a +2 long sword
 13422 | D:13     | Killed a +3 long sword
 13517 | D:13     | Noticed a centaur warrior
 13535 | D:13     | Killed a centaur warrior
 13608 | D:13     | Noticed Josephine
 13952 | D:6      | Noticed BlasphemerAmon's ghost (novice GnGl)
 13985 | D:5      | Entered Level 5 of the Dungeon
 14014 | D:5      | Found a staircase to the Ecumenical Temple.
 14034 | D:5      | Reached XP level 13. HP: 74/82 MP: 21/21
 14101 | D:5      | Noticed Grinder
 14105 | D:5      | Killed Grinder
 14211 | D:5      | Found a faded altar of an unknown god.
 14216 | D:5      | Found a basalt altar of Yredelemnul.
 14219 | D:5      | Found a broken altar of Ashenzari.
 14220 | D:5      | Found a faded altar of an unknown god.
 14225 | D:5      | Found a glowing silver altar of Zin.
 14311 | D:5      | Noticed Pikel
 14442 | D:4      | Killed Edmund
 14506 | D:4      | Noticed Pargi
 14510 | D:4      | Killed Pargi
 14580 | D:4      | Noticed Menkaure
 14583 | D:4      | Killed Menkaure
 14680 | D:4      | Noticed Natasha
 14684 | D:4      | Killed Natasha
 15108 | D:5      | Killed Pikel
 15178 | D:5      | Reached skill level 5 in Evocations
 15296 | D:4      | Noticed Natasha
 15303 | D:4      | Killed Natasha
 15409 | D:4      | Noticed Natasha
 15414 | D:4      | Killed Natasha
 15530 | D:1      | Bought a scroll of teleportation for 36 gold pieces
 15530 | D:1      | Bought a scroll of enchant armour for 90 gold pieces
 15735 | Lair:1   | Entered Level 1 of the Lair of Beasts
 16814 | Lair:1   | Identified the +1 leather armour of the Playwright {Int+2}
 17484 | Lair:2   | Noticed an eight-headed hydra
 17540 | Lair:2   | Killed an eight-headed hydra
 17698 | Lair:2   | Mangled by a skyshark

Illustrated notes

Levels and vault maps discovered:
D:1:      lightli_arrival_statuegarden, layout_loops_ring, serial_shops,
          nicolae_shop_real_fake_doors, minmay_liquid_box, moated_statue,
          minmay_hexomino_u4
D:2:      layout_loops_ring, serial_shops, nicolae_shop_hallway_plus,
          nicolae_shop_hallway_plus, shop, shop, grunt_ministairs_4, uniq_robin
D:3:      layout_rooms, mainiacjoe_overflow_concentric_impassable,
          nicolae_overflow_hidden_temple, gammafunk_ghost_split, serial_shops,
          shop, kennysheep_cluttered_room, wad_floor_pattern_untrapped,
          uniq_terence, uniq_crazy_yiuf_cottage, uniq_sigmund
D:4:      layout_basic, uniq_natasha, uniq_pargi, uniq_edmund, uniq_menkaure
D:5:      layout_gridville, chequers_temple_overflow_minitemple,
          minmay_temple_entry_water_ring, uniq_pikel, uniq_grinder
D:6:      layout_gridville, tso_metal_star, gammafunk_ghost_split,
          dreamdust_wishing_well, uniq_maggie, uniq_blork_the_orc
D:7:      layout_gridville, nicolae_qazlal_scattered_showers, serial_shops,
          nicolae_lakefront_shop, eino_small_chamber_without_monster,
          minmay_checkerbox
D:8:      layout_rooms, grunt_temple_overflow_open,
          chequers_temple_overflow_statue_of_worship, erik_lair_island,
          nicolae_diode_quadrants
D:9:      layout_long_grid, david_orc_4, minmay_misc_feat_columns
D:10:     layout_gridville, mainiacjoe_overflow_alcove_2,
          hellmonk_ghost_big_iron
D:11:     minmay_skewed_foursquare, layout_loops_ring, hex_tiny
D:12:     layout_stronghold
D:13:     minmay_distorted_concentric_squares, layout_basic, erik_vaults_1,
          minmay_checkered_concentric_circles, uniq_josephine
Lair:1:   layout_cave_pods
Lair:2:   layout_concentric_octagons, elwin_shoals_entry_stream, special_room
          [special_room_bee], roderic_batcave, serial_bayou_pond_b,
          beast_lair_carwin_3, uniq_amaemon

Skill      XL: |  1  2  3  4  5  6  7  8  9 10 11 12 13 |
---------------+----------------------------------------+-----
Short Blades   | 3 4 5 6 9 10 | 10.0
Dodging        | 2 3 5 7 10 | 10.0
Stealth        | 6 7 8 10 13 15 | 15.0
Fighting       | 3 4 5 7 9 10 | 10.0
Invocations    | 4 8 10 11 | 11.7
Throwing       | 6 9 |  9.3
Evocations     | 4 6 |  6.8

Action                     |  1- 3 |  4- 6 |  7- 9 | 10-12 | 13-15 || total
---------------------------+-------+-------+-------+-------+-------++-------
  Melee: Dagger            |    37 |   123 |   206 |       |       ||   366
         Punch             |       |     1 |     9 |    15 |     6 ||    31
         Short sword       |       |       |   210 |   912 |   405 ||  1527
  Evoke: Wand              |       |       |     5 |     5 |     4 ||    14
    Use: Scroll            |       |     8 |    10 |     7 |     7 ||    32
         Potion            |       |     1 |     3 |     3 |     4 ||    11
   Stab: Sleeping          |    20 |    20 |    24 |    32 |    17 ||   113
         Invisible         |       |       |     5 |       |       ||     5
         Distracted        |       |       |     2 |     1 |     1 ||     4
         Paralysed         |       |       |       |    31 |    10 ||    41
 Armour: Robe              |     2 |    12 |    46 |    50 |       ||   110
         Acid dragon scale |       |       |       |     7 |    60 ||    67
  Dodge: Dodged            |    13 |    62 |   185 |   473 |   293 ||  1026

Table legend: (Time is in decaauts)
 A = Elapsed time spent in this place.
 B = Non-inter-level travel time spent in this place.
 C = Inter-level travel time spent in this place.
 D = Time resting spent in this place.
 E = Time spent auto-exploring this place.
 F = Levels seen in this place.
 G = Mean time per level.
                   A        B        C        D        E       F      G
               +--------+--------+--------+--------+--------+-----+--------+
         Total |  16528 |  15339 |   1189 |   2673 |   9426 |  15 | 1101.9 |
       Dungeon |  14720 |  13580 |   1140 |   2123 |   8534 |  13 | 1132.3 |
          Lair |   1807 |   1758 |     49 |    550 |    892 |   2 |  903.5 |
               +--------+--------+--------+--------+--------+-----+--------+

Top non-repeatable levels by time:
    D:10: 1697 daAuts
  Lair:1: 1513 daAuts
    D:12: 1458 daAuts
     D:8: 1374 daAuts
     D:2: 1315 daAuts
     D:9: 1307 daAuts
     D:3: 1282 daAuts
     D:6: 1152 daAuts
     D:7: 1005 daAuts
    D:11: 953 daAuts
     D:4: 920 daAuts
    D:13: 845 daAuts
     D:1: 810 daAuts
     D:5: 597 daAuts
  Lair:2: 294 daAuts
